 Dungeon Crawl Stone Soup version 0.29-a0-872-g797fff5ad1 (webtiles) character file.

Game seed: 18267883521435412962

193 mathmaestro the Grave Robber (level 5, -1/40 HPs)
             Began as a Demonspawn Necromancer on July 18, 2022.
             Slain by Grinder (6 damage)
             ... on level 3 of the Dungeon.
             The game lasted 00:07:16 (2644 turns).

mathmaestro the Grave Robber (DsNe)                 Turns: 2644, Time: 00:07:16

Health: -1/40      AC:  4    Str:  9    XL:     5   Next: 43%
Magic:  10/10      EV: 11    Int: 18    God:
Gold:   194        SH:  0    Dex: 13    Spells: 2/10 levels left

rFire   . . .      SeeInvis .   a - +3 long sword
rCold   + . .      Faith    .   (no shield)
rNeg    . . .      Spirit   .   e - +0 leather armour
rPois   .          Reflect  +   (helmet restricted)
rElec   .          Harm     .   (no cloak)
rCorr   .          Rampage  .   (no gloves)
Will    .....                   (no boots)
Stlth   +.........              g - amulet of reflection
HPRegen 0.13/turn               f - ring of protection from cold
MPRegen 0.24/turn               (no ring)

@: confused, ambrosia-drunk, invisible
A: horns 1, rugged brown scales 1, magic regeneration
a: no special abilities


You were on level 3 of the Dungeon.
You visited 1 branch of the dungeon, and saw 3 of its levels.

You collected 194 gold pieces.

Inventory:

Hand Weapons
 a - a +3 long sword (weapon)
 c - a +0 whip
Armour
 e - a +0 leather armour (worn)
Jewellery
 f - a ring of protection from cold (left hand)
 g - an amulet of reflection (around neck)
Scrolls
 d - a scroll of amnesia
 i - a scroll of teleportation {unknown}
 n - a scroll of immolation
Potions
 b - a potion of magic
 j - a potion of curing
 l - a potion of ambrosia
 m - a potion of brilliance {unknown}
 o - a potion of degeneration {unknown}


   Skills:
 + Level 2.7 Fighting
 - Level 2.0 Dodging
 - Level 2.0 Stealth
 + Level 3.3 Spellcasting
 + Level 5.5 Necromancy


You had 2 spell levels left.
You knew the following spells:

 Your Spells              Type           Power      Damage    Failure   Level
a - Necrotise             Necr           88%        1d8       2%          1
b - Vampiric Draining     Necr           22%        2d7       7%          3
c - Animate Dead          Necr           22%        N/A       22%         4

Your spell library contained the following spells:

 Spells                   Type           Power      Damage    Failure   Level
 Sandblast                Erth           6%         2d5       22%         1
 Passwall                 Tmut/Erth      2%         N/A       32%         2
 Stone Arrow              Conj/Erth      6%         3d7       54%         3
 Agony                    Necr           22%        N/A       54%         5


Dungeon Overview and Level Annotations

Branches:
Dungeon (3/15)

Altars:

Annotations:
D:3 2 runed translucent doors, Crazy Yiuf; Grinder; mcwallace's ghost, amateur GnIE


Innate Abilities, Weirdness & Mutations

You have a pair of small horns on your head.
You are partially covered in rugged brown scales. (AC +1, +3% HP)
You regenerate magic rapidly.


Message History

l - 2 pink potions (gained 1)
You now have 176 gold pieces (gained 6).
You can't see any susceptible monsters within range! (Use Z to cast anyway.) Unknown command.
i - a scroll labelled AMMOUR ICEYRPH
Found a whip.
Found a runed translucent door.
Mcwallace's ghost turns its malevolent gaze towards you.
You now have 194 gold pieces (gained 18).
Press: ? - help, v - describe, . - travel, g - get item
Here: mcwallace's ghost (black smoke, fire blocked by a runed translucent door) Item here: 13 gold pieces.
The floor.
Unknown command.
Grinder shouts!
Press: ? - help, v - describe, . - travel
Here: Grinder The floor.
Okay, then.
A ball python comes into view.
The ball python hisses angrily.
You fade into invisibility!
Grinder gestures at you. Pain shoots through your body! Grinder hits you.
You writhe in agony.
You barely miss Grinder. Grinder hits you.
You writhe in agony.
You hit Grinder.
Grinder is lightly wounded.
Grinder barely misses you. Grinder hits you.
You writhe in agony.
You closely miss Grinder. You headbutt Grinder.
Grinder is moderately wounded.
Grinder gestures at you. Pain shoots through your body!
* * * LOW HITPOINT WARNING * * *
It was a potion of ambrosia.
You are confused.
You feel invigorated. Grinder hits you.
* * * LOW HITPOINT WARNING * * *
You writhe in agony.
You die...

#...#####........#
#####
##...............#
####
##.............##
##### #.<#
##.....#......#
#<†.##...#
#######.####.#
#.....#.#.# #..#
#.##........#.#
##.#
#.##.......##.#
#.#
#.##.......#..#
#.#
#.@##...(.#..##
#.# ##5##.......##
#.## #S#.......##
######### #..#
#.... #..>....#
##.###....
#.#####.#
#........ #.#
#.####..)..... #.#
#............> #.#
####..........


You could see Grinder (unable to see you) and a ball python (unable to see you).

Vanquished Creatures
  A black bear (D:3)
  Terence (D:3)
  2 worms
  A dart slug (D:3)
  2 bats (D:2)
  8 endoplasms
  3 giant cockroaches
  2 goblins
  5 hobgoblins
  6 jackals (D:1)
  2 quokkas
  5 ball pythons
  5 frilled lizards
  8 kobolds
  4 rats
55 creatures vanquished.

Vanquished Creatures (collateral kills)
  2 jackals (D:1)
2 creatures vanquished.

Grand Total: 57 creatures vanquished

Notes
Turn   | Place    | Note
-------+----------+-------------------------------------------
     0 | D:1      | mathmaestro the Demonspawn Necromancer began the quest for
                  | the Orb.
     0 | D:1      | Reached XP level 1. HP: 13/13 MP: 3/3
   317 | D:1      | Gained mutation: You regenerate magic rapidly. [demonic
                  | ancestry]
   317 | D:1      | Reached XP level 2. HP: 19/20 MP: 0/5
   453 | D:1      | Reached skill level 1 in Fighting
   653 | D:1      | Gained mutation: You are partially covered in rugged brown
                  | scales. (AC +1, +3% HP) [demonic ancestry]
   653 | D:1      | Reached XP level 3. HP: 21/26 MP: 1/6
   731 | D:1      | Found a faded altar of an unknown god.
  1505 | D:2      | Learned a level 3 spell: Vampiric Draining
  2032 | D:3      | Noticed Grinder
  2194 | D:3      | Noticed a black bear
  2219 | D:3      | Killed a black bear
  2220 | D:3      | Reached skill level 5 in Necromancy
  2220 | D:3      | Reached XP level 4. HP: 29/35 MP: 1/8
  2220 | D:3      | Gained mutation: You have a pair of small horns on your
                  | head. [demonic ancestry]
  2220 | D:3      | Reached XP level 5. HP: 33/40 MP: 1/9
  2313 | D:3      | Noticed Terence
  2320 | D:3      | Killed Terence
  2442 | D:3      | Found a runed translucent door.
  2443 | D:3      | Noticed Crazy Yiuf
  2565 | D:3      | Learned a level 4 spell: Animate Dead
  2606 | D:3      | Found a runed translucent door.
  2606 | D:3      | Noticed mcwallace's ghost (amateur GnIE)
  2644 | D:3      | Slain by Grinder

Illustrated notes

Levels and vault maps discovered:
D:1:      dpeg_arrival_rooms_c, layout_loops_ring,
          shapermc_ecumenical_altar_acropolis
D:2:      layout_loops_corners, grunt_ministairs_2
D:3:      layout_rooms, ebering_ghost_inner_flame, grunt_ministairs_4,
          uniq_crazy_yiuf_cottage, uniq_terence, uniq_grinder

Skill      XL: |  1  2  3 |
---------------+----------+-----
Stealth        | 2 |  2.0
Dodging        | 2 |  2.0
Fighting       | 1 2 |  2.7
Spellcasting   | 3 |  3.3
Necromancy     | 5 |  5.5

Action                   |  1- 3 |  4- 6 || total
-------------------------+-------+-------++-------
Melee: Whip              |    11 |       ||    11
       Long sword        |    15 |     8 ||    23
       Headbutt          |       |     2 ||     2
 Cast: Necrotise         |    81 |    15 ||    96
       Vampiric Draining |     2 |       ||     2
  Use: Scroll            |       |     5 ||     5
       Potion            |       |     2 ||     2
 Stab: Sleeping          |     1 |       ||     1
Armor: Robe              |     3 |       ||     3
       Leather armour    |    17 |     2 ||    19
Dodge: Dodged            |    45 |     3 ||    48
Block: Other             |     3 |       ||     3

Table legend: (Time is in decaauts)
 A = Elapsed time spent in this place.
 B = Non-inter-level travel time spent in this place.
 C = Inter-level travel time spent in this place.
 D = Time resting spent in this place.
 E = Time spent auto-exploring this place.
 F = Levels seen in this place.
 G = Mean time per level.
                   A        B        C        D        E       F      G
               +--------+--------+--------+--------+--------+-----+--------+
         Total |   2652 |   2474 |    178 |    330 |   1609 |   3 |  884.0 |
       Dungeon |   2652 |   2474 |    178 |    330 |   1609 |   3 |  884.0 |
               +--------+--------+--------+--------+--------+-----+--------+

Top non-repeatable levels by time:
     D:1: 1165 daAuts
     D:2: 970 daAuts
     D:3: 516 daAuts
